 Dungeon Crawl Stone Soup version 0.25-a0-737-g26c3a87c45 (webtiles) character file.

Game seed: 13912047232787179820, levelgen mode: deterministic

246 Esekla the Slasher (level 6, -2/47 HPs)
             Began as a Barachi Warper on Apr 11, 2020.
             Blown up by Ijyb (24 damage)
             ... with a disintegration bolt
             ... on level 3 of the Dungeon.
             The game lasted 00:22:14 (3356 turns).

Esekla the Slasher (Barachi Warper)                 Turns: 3356, Time: 00:22:15

Health: -2/47      AC:  6    Str: 13    XL:     6   Next: 11%
Magic:  9/9        EV: 11    Int: 13    God:
Gold:   136        SH:  0    Dex: 13    Spells: 5/9 levels left

rFire    . . .     SeeInvis .   a - +0 falchion
rCold    . . .     Gourm    .   (no shield)
rNeg     . . .     Faith    .   b - +0 leather armour
rPois    .         Spirit   .   m - +2 hat
rElec    .         Reflect  .   (no cloak)
rCorr    .         Harm     .   (no gloves)
MR       .....                  y - +0 pair of boots
Stlth    +.........             o - amulet of the acrobat
HPRegen  0.15/turn              (no ring)
MPRegen  0.11/turn              (no ring)

@: shrouded, hasted, heavily drained, quick
A: +LOS, swims, slowness 1, strong legs 1
a: Hop


You were on level 3 of the Dungeon.
You were not hungry.

You visited 1 branch of the dungeon, and saw 3 of its levels.

You collected 136 gold pieces.

Inventory:

Hand Weapons
 a - a +0 falchion (weapon)
Missiles
 e - 5 boomerangs of dispersal
 g - 3 boomerangs
 p - 18 poisoned darts (quivered)
Armour
 b - a +0 leather armour (worn)
 m - a +2 hat (worn)
 y - a +0 pair of boots (worn)
Jewellery
 o - an amulet of the acrobat (around neck)
 u - an uncursed ring of fire
Wands
 q - a wand of scattershot (8)
Scrolls
 c - 2 scrolls of amnesia {unknown}
 d - 5 scrolls of blinking
 i - a scroll of identify
 j - a scroll of teleportation {unknown}
 k - a scroll of enchant weapon {unknown}
 n - 2 scrolls of random uselessness {unknown}
 w - a scroll of fog {unknown}
Potions
 h - a potion of stabbing
 l - a potion of mutation
 r - a potion of degeneration {unknown}
 s - a potion of curing {unknown}
 t - a potion of magic {unknown}
 z - a potion of heal wounds
Comestibles
 f - 4 rations


   Skills:
 * Level 3.6(2.0) Fighting
 * Level 5.0(3.3) Long Blades
 + Level 1.5(0.0) Throwing
 + Level 2.5(1.0) Armour
 + Level 2.5(0.9) Dodging
 + Level 2.4(0.8) Spellcasting
 * Level 2.3(0.8) Charms
 + Level 3.4(1.8) Translocations


You had 5 spell levels left.
You knew the following spells:

 Your Spells              Type           Power        Failure   Level  Hunger
a - Shroud of Golubria    Chrm/Tloc      #.....       30%         2    ###....
b - Blink                 Tloc           N/A          26%         2    ###....

Your spell library contained the following spells:

 Spells                   Type           Power        Failure   Level  Hunger
 Gell's Gravitas          Tloc           #.........   45%         3    ####...
 Lesser Beckoning         Tloc           #.........   45%         3    ####...
 Teleport Other           Tloc           #.......     45%         3    ####...
 Passage of Golubria      Tloc           N/A          86%         4    #####..


Dungeon Overview and Level Annotations

Branches:
Dungeon (3/15)

Altars:

Annotations:
D:3 Ijyb


Innate Abilities, Weirdness & Mutations

You can be seen from farther away. (+LOS)
You can swim through water.
You cover ground slowly.
You can hop short distances.


Message History

Ijyb hits you but does no damage.
You feel drained.
You closely miss Ijyb.
Ijyb is heavily wounded.
You barely miss Ijyb.
Ijyb is heavily wounded.
Ijyb hits you but does no damage.
You feel drained.
You barely miss Ijyb.
Ijyb is heavily wounded.
Ijyb hits you with a +1 dagger of draining.
You feel drained.
You hit Ijyb but do no damage.
Ijyb is heavily wounded.
Ijyb hits you but does no damage.
You feel drained.
You hit Ijyb but do no damage.
Ijyb is heavily wounded.
Your leather armour prevents you from hitting Ijyb.
Ijyb is heavily wounded.
Ijyb zaps a wand.
You are blasted!
Ouch! That really hurt!
You die...

########..>..#.##........#
#............#.###.#.....#
#............#..##.......#
#.........####...........#
#.........÷.......#.##....
#.........######.....###..
#.........# ###....÷...
#######.#.########..###...
#..@........#.# ##..
#.g##.....#......#..
#....#....#......#..
#.?...#..#.......#..
#.....###....#####..
#....## ....# ### #...#..
....# ##.#....#....#
#.#...g.##..#


You could see Ijyb.

Vanquished Creatures
  11 gnolls (D:3)
  4 adders
  3 oozes
  4 worms
  4 dart slugs
  2 leopard geckos (D:1)
  An orc (D:3)
  8 bats
  A giant cockroach (D:3)
  13 goblins
  6 hobgoblins
  7 kobolds
  A quokka (D:2)
  A ball python (D:2)
  3 frilled lizards
  9 rats
78 creatures vanquished.

Notes
Turn   | Place    | Note
-------+----------+-------------------------------------------
     0 | D:1      | Esekla the Barachi Warper began the quest for the Orb.
     0 | D:1      | Reached XP level 1. HP: 17/17 MP: 3/3
    32 | D:1      | Reached XP level 2. HP: 16/23 MP: 5/5
    89 | D:1      | Reached skill level 3 in Long Blades
   357 | D:1      | Reached XP level 3. HP: 4/29 MP: 6/6
   377 | D:1      | Learned a level 2 spell: Shroud of Golubria
   380 | D:1      | Learned a level 2 spell: Blink
  1580 | D:3      | Reached XP level 4. HP: 30/35 MP: 5/7
  1798 | D:3      | Reached skill level 4 in Long Blades
  1809 | D:3      | Reached skill level 1 in Charms
  2068 | D:2      | Reached XP level 5. HP: 29/41 MP: 5/8
  3143 | D:3      | Reached XP level 6. HP: 27/47 MP: 9/9
  3218 | D:3      | Reached skill level 5 in Long Blades
  3331 | D:3      | Noticed Ijyb
  3356 | D:3      | Blown up by Ijyb

Levels and vault maps discovered:
D:1:      dpeg_arrival_more_subterranean_lakeside_camping, layout_loops_ring,
          serial_bayou_lake_a
D:2:      layout_loops_ring, kennysheep_another_room, guppyfry_early_lair_pool
D:3:      wad_crossroads, layout_rooms, first_ration, eino_curves_04,
          minmay_misc_feat_chi, hex_large, kennysheep_generic_room_9, uniq_ijyb

Skill      XL: |  1  2  3  4  5  6 |
---------------+-------------------+-----
Long Blades    | 3 4 5 |  5.0
Fighting       | 3 |  3.6
Armour         | 2 |  2.5
Charms         | 1 2 |  2.3
Throwing       | |  1.5
Dodging        | |  2.5
Spellcasting   | |  2.4
Translocations | |  3.4

Action                   |  1- 3 |  4- 6 || total
-------------------------+-------+-------++-------
Melee: Falchion          |   104 |   192 ||   296
Throw: Boomerang         |     9 |       ||     9
       Dart              |       |    32 ||    32
 Cast: Shroud of Golubri |     2 |    10 ||    12
       Blink             |       |     1 ||     1
  Use: Scroll            |       |     4 ||     4
       Potion            |       |     1 ||     1
  Eat: Ration            |     1 |       ||     1
       Chunk             |       |     7 ||     7
Armor: Leather armour    |    45 |    37 ||    82
Dodge: Dodged            |    95 |   122 ||   217
       Rpst.: Falchion   |    28 |    40 ||    68

Table legend:
 A = Non-vault XP
 B = Vault XP
 C = Vault XP percentage of total XP
 D = Non-vault monster count
 E = Vault monster count
 F = Vault count percentage of total count
                 A         B        C        D         E       F
            +---------+---------+-------+---------+---------+-------
      Total |     332 |      20 |   5.7 |      74 |       4 |   5.1
            +---------+---------+-------+---------+---------+-------
        D:1 |      50 |       0 |   0.0 |      25 |       0 |   0.0
        D:2 |      62 |       0 |   0.0 |      22 |       0 |   0.0
        D:3 |     220 |      20 |   8.3 |      27 |       4 |  12.9
            +---------+---------+-------+---------+---------+-------
